[Event "RUS-chT Higher League 2021"]
[Site "Sochi"]
[Date "2021.05.02"]
[Round "2.12"]
[White "Zhelnin, Vladimir V"]
[Black "Manelyuk, Daniil"]
[Result "0-1"]
[ECO "C15"]
[WhiteElo "2408"]
[BlackElo "2345"]
[Annotator "ChessBase"]
[PlyCount "158"]
[EventDate "2021.05.01"]
[EventType "team-tourn"]
[EventCountry "RUS"]
[SourceTitle "playchess.com"]
[Source "ChessBase"]
[SourceQuality "1"]
[TimeControl "40/5400+30:1800+30"]

1. e4 e6 2. d4 d5 3. Nc3 Bb4 4. Nge2 Nf6 5. Bg5 dxe4 6. a3 Be7 7. Bxf6 Bxf6 8. Nxe4 O-O 9. Qd3 Nd7 10. g3 c5 11. Bg2 cxd4 12. Nxf6+ Nxf6 13. Qxd4 e5 14. Qc5 Bg4 15. Nc3 Qd4 16. Qb5 a6 17. Qd3 Rad8 18. Qe3 Qc4 19. h3 Bf5 20. Rc1 h5 21. Qe2 Qc8 22. O-O Bxh3 23. Qxe5 Bxg2 24. Kxg2 h4 25. gxh4 Rfe8 26. Qf4 Re6 27. Rcd1 Rde8 28. Rd4 Nh5 29. Qf3 Rg6+ 30. Kh1 Re5 31. Rg1 Rf5 32. Qd3 Qc6+ 33. Qe4 Rxg1+ 34. Kxg1 Qg6+ 35. Qg2 Qe6 36. Re4 Qd7 37. Rg4 g6 38. Qe4 Nf6 39. Qg2 Nxg4 40. Qxg4 Qd2 41. Ne4 Qc1+ 42. Kg2 Qxb2 43. Nd6 Rf6 44. Qc8+ Kh7 45. Ne4 Rf4 46. Ng5+ Kg7 47. Qc7 Rf6 48. Ne4 Rc6 49. Qf4 Qd4 50. c3 Qd5 51. f3 Qf5 52. Qb8 Rb6 53. a4 Qd7 54. Qe5+ f6 55. Qf4 Rb2+ 56. Kg3 Qe7 57. Qc1 Re2 58. Qg1 Qe5+ 59. Kh3 Qf4 60. Qg3 Qc1 61. Qc7+ Kh6 62. Ng3 Re8 63. h5 Qe3 64. Qxb7 Qe6+ 65. Kg2 gxh5 66. Qb4 Qe5 67. f4 Qd5+ 68. Kh3 Qf3 69. Qd6 Qg4+ 70. Kh2 Qh4+ 71. Kg2 Rg8 72. f5 a5 73. Kf2 Qxg3+ 74. Qxg3 Rxg3 75. Kxg3 Kg5 76. c4 Kxf5 77. Kh4 Ke5 78. Kxh5 Kd4 79. Kg6 Kxc4 0-1

[Event "RUS-chT Higher League 2021"]
[Site "Sochi"]
[Date "2021.05.02"]
[Round "2.14"]
[White "Yeletsky, Ivan"]
[Black "Grebnev, Aleksey"]
[Result "1/2-1/2"]
[ECO "E94"]
[WhiteElo "2448"]
[BlackElo "2283"]
[Annotator "NA"]
[PlyCount "115"]
[EventDate "2021.05.01"]
[EventType "team-tourn"]
[EventCountry "RUS"]
[SourceTitle "playchess.com"]
[Source "ChessBase"]
[SourceQuality "1"]
[TimeControl "40/5400+30:1800+30"]

1. d4 Nf6 2. c4 g6 3. Nc3 Bg7 4. e4 d6 5. Nf3 O-O 6. Be2 e5 7. O-O Na6 8. Re1 Bg4 9. Be3 exd4 10. Nxd4 Bxe2 11. Qxe2 Nc5 12. f3 Nfd7 13. Rad1 a5 14. Ndb5 Re8 15. Qf2 b6 16. Nd4 Ne5 17. Qe2 Qd7 18. Nd5 Rf8 19. Bh6 Rae8 20. Bxg7 Kxg7 21. b3 c6 22. Ne3 f6 23. Qc2 Ne6 24. Qc3 Nf7 25. Rd2 Nxd4 26. Qxd4 Rb8 27. c5 bxc5 28. Qxc5 Rb5 29. Qc3 Rd8 30. Ng4 Ne5 31. Nxf6 Kxf6 32. f4 Kg7 33. fxe5 Rxe5 34. Kh1 Kg8 35. Red1 Rxe4 36. Rxd6 Qxd6 37. Rxd6 Rxd6 38. h3 Rd5 39. Qxc6 Ree5 40. Kh2 Kg7 41. Qc7+ Kg8 42. Qc8+ Kg7 43. Qc7+ Kg8 44. a3 h5 45. b4 axb4 46. axb4 Rf5 47. Qe7 Rfe5 48. Qf6 Kh7 49. Qf7+ Kh6 50. h4 g5 51. Qf6+ Kh7 52. Qf7+ Kh6 53. hxg5+ Rxg5 54. Qf6+ Kh7 55. Qf7+ Kh6 56. Qf6+ Kh7 57. Qf7+ Kh6 58. Qf6+ 1/2-1/2

[Event "RUS-chT Higher League 2021"]
[Site "Sochi"]
[Date "2021.05.02"]
[Round "2.15"]
[White "Sharikov, Alexander"]
[Black "Klukin, Kirill"]
[Result "0-1"]
[ECO "A04"]
[WhiteElo "2132"]
[BlackElo "2330"]
[Annotator "NA"]
[PlyCount "62"]
[EventDate "2021.05.01"]
[EventType "team-tourn"]
[EventCountry "RUS"]
[SourceTitle "playchess.com"]
[Source "ChessBase"]
[SourceQuality "1"]
[TimeControl "40/5400+30:1800+30"]

1. Nf3 c5 2. b3 Nc6 3. Bb2 Nf6 4. e3 g6 5. Be2 Bg7 6. O-O O-O 7. d3 b6 8. Nbd2 Bb7 9. c4 Re8 10. Ne5 Nxe5 11. Bxe5 d6 12. Bb2 e5 13. e4 Nd7 14. Bf3 Nf8 15. g3 Ne6 16. Bg2 Bh6 17. Nf3 a6 18. a4 b5 19. axb5 axb5 20. Qc2 Qb6 21. Rxa8 Rxa8 22. Ra1 Rxa1+ 23. Bxa1 Qa5 24. Qc3 b4 25. Qb2 Nd4 26. Nxd4 exd4 27. f4 g5 28. e5 Bxg2 29. Kxg2 Qa8+ 30. Kh3 dxe5 31. fxe5 Qf3 0-1

[Event "RUS-chT Higher League 2021"]
[Site "Sochi"]
[Date "2021.05.02"]
[Round "2.16"]
[White "Galaktionov, Artem"]
[Black "Bobkov, Vadim"]
[Result "0-1"]
[ECO "E10"]
[WhiteElo "2315"]
[BlackElo "2265"]
[Annotator "ChessBase"]
[PlyCount "150"]
[EventDate "2021.05.01"]
[EventType "team-tourn"]
[EventCountry "RUS"]
[SourceTitle "playchess.com"]
[Source "ChessBase"]
[SourceQuality "1"]
[TimeControl "40/5400+30:1800+30"]

1. d4 Nf6 2. Nf3 e6 3. c4 c5 4. d5 b5 5. Bg5 h6 6. Bxf6 Qxf6 7. Qc2 b4 8. e4 g5 9. e5 Qg7 10. g4 Bb7 11. Qb3 h5 12. Rg1 hxg4 13. Rxg4 Be7 14. Nc3 f5 15. exf6 Qxf6 16. Nb5 Kd8 17. Bg2 exd5 18. Nxg5 a6 19. Nc3 Qf5 20. Nxd5 Qxg4 21. Nf7+ Ke8 22. Ne3 Qf4 23. Bxb7 Rxh2 24. O-O-O Ra7 25. Bd5 Nc6 26. Rd2 Rxf2 27. Rxf2 Qxf2 28. Qd3 Nd4 29. Nd1 Qf4+ 30. Kb1 Qf5 31. Be4 Qh5 32. Nd6+ Kd8 33. Nf5 Qe2 34. Nxd4 Qxd3+ 35. Bxd3 cxd4 36. Kc2 d5 37. cxd5 Rc7+ 38. Kb3 Bh4 39. Kxb4 Rc1 40. Be2 d3 41. Bf3 Be1+ 42. Ka3 Kc7 43. b3 a5 44. Kb2 Bd2 45. a3 Rc2+ 46. Kb1 Bf4 47. Bg4 Kd6 48. Bf3 Bc1 49. Be4 Bxa3 50. Ne3 Rb2+ 51. Ka1 d2 52. Bf3 Rxb3 53. Nc4+ Ke7 54. Be2 Bb4 55. Ka2 Rd3 56. d6+ Bxd6 57. Nb2 Rc3 58. Nd1 Rc1 59. Kb3 Bb4 60. Bg4 Kf6 61. Be2 Ke5 62. Bf3 Kf4 63. Be2 Ke4 64. Ka4 Rb1 65. Kb5 Kd4 66. Ka4 Rxd1 67. Bxd1 Kc3 68. Kb5 Kb2 69. Kc4 Kc1 70. Ba4 d1=Q 71. Bxd1 Kxd1 72. Kb3 Kc1 73. Ka2 Kc2 74. Ka1 Kb3 75. Kb1 Bc3 0-1

[Event "RUS-chT Higher League 2021"]
[Site "Sochi"]
[Date "2021.05.03"]
[Round "3.3"]
[White "Drygalov, Andrey"]
[Black "Pogromsky, Mikhail"]
[Result "1/2-1/2"]
[ECO "B03"]
[WhiteElo "2500"]
[BlackElo "2422"]
[Annotator "RC"]
[PlyCount "119"]
[EventDate "2021.05.01"]
[EventType "team-tourn"]
[EventCountry "RUS"]
[SourceTitle "playchess.com"]
[Source "ChessBase"]
[SourceQuality "1"]
[TimeControl "40/5400+30:1800+30"]

1. e4 Nf6 2. e5 Nd5 3. d4 d6 4. c4 Nb6 5. exd6 exd6 6. Nc3 Be7 7. Bd3 O-O 8. Nge2 Na6 9. O-O c6 10. b3 Nb4 11. Bb1 d5 12. c5 Nd7 13. a3 Na6 14. Be3 Re8 15. Qd2 Nc7 16. b4 g6 17. Bc2 Nf6 18. f3 Nh5 19. g4 Ng7 20. Ng3 b6 21. Rad1 bxc5 22. dxc5 a5 23. Nce2 axb4 24. axb4 Qd7 25. Nd4 Ba6 26. Ba4 Bb7 27. Bb3 Ba6 28. Ba4 Bb7 29. Bb3 Ba6 30. Rfe1 Bf6 31. Bf2 Rxe1+ 32. Rxe1 Re8 33. Rxe8+ Qxe8 34. Ba4 Bb7 35. Qf4 Be5 36. Qe3 f6 37. f4 Bxd4 38. Qxd4 Qe6 39. h3 Ba6 40. Bc2 Kf7 41. Qa1 Bb5 42. Bd4 Qe7 43. f5 g5 44. Kf2 Bc4 45. Qe1 Qd8 46. Ba4 Nb5 47. Bxb5 Bxb5 48. Nh5 Nxh5 49. Qe6+ Kg7 50. gxh5 h6 51. Kg3 Qb8+ 52. Kg2 Qf8 53. h4 gxh4 54. Kh3 Qf7 55. Qd6 Qf8 56. Qf4 Qe8 57. Qxh4 Bf1+ 58. Kh2 Qe2+ 59. Bf2 Qf3 60. Qg3+ 1/2-1/2

[Event "RUS-chT Higher League 2021"]
[Site "Sochi"]
[Date "2021.05.03"]
[Round "3.4"]
[White "Matveev, Vladimir"]
[Black "Radzhabov, Rodion"]
[Result "1-0"]
[ECO "D26"]
[WhiteElo "2368"]
[BlackElo "2352"]
[Annotator "NA"]
[PlyCount "45"]
[EventDate "2021.05.01"]
[EventType "team-tourn"]
[EventCountry "RUS"]
[SourceTitle "playchess.com"]
[Source "ChessBase"]
[SourceQuality "1"]
[TimeControl "40/5400+30:1800+30"]

1. d4 d5 2. c4 e6 3. Nf3 dxc4 4. e3 Nf6 5. Bxc4 c5 6. Qe2 cxd4 7. exd4 a6 8. O-O b5 9. Bb3 Bb7 10. Ne5 Bd5 11. Nc3 Bxb3 12. axb3 b4 13. Qf3 Nbd7 14. Nb5 Rb8 15. Nc6 Qb6 16. Nxb8 Qxb8 17. Bf4 Qxb5 18. Qa8+ Ke7 19. Bc7 e5 20. Rxa6 Nb8 21. Bxb8 Nd7 22. Bd6+ Ke6 23. Bxf8+ 1-0

[Event "RUS-chT Higher League 2021"]
[Site "Sochi"]
[Date "2021.05.03"]
[Round "3.5"]
[White "Sveshnikov, Evgeny"]
[Black "Mokshanov, Alexey"]
[Result "0-1"]
[ECO "C13"]
[WhiteElo "2478"]
[BlackElo "2448"]
[Annotator "ChessBase"]
[PlyCount "62"]
[EventDate "2021.05.01"]
[EventType "team-tourn"]
[EventCountry "RUS"]
[SourceTitle "playchess.com"]
[Source "ChessBase"]
[SourceQuality "1"]
[TimeControl "40/5400+30:1800+30"]

1. e4 e6 2. d4 d5 3. Nc3 Nf6 4. Bg5 Be7 5. e5 Nfd7 6. h4 Nc6 7. Nf3 h6 8. Be3 Na5 9. Qd2 c5 10. dxc5 Nc6 11. Bb5 Bxc5 12. O-O-O Qb6 13. Bxc5 Nxc5 14. Rh3 Bd7 15. Rg3 Rg8 16. Bxc6 bxc6 17. Qxh6 gxh6 18. Rxg8+ Ke7 19. Rxa8 Be8 20. Nd4 Qb7 21. Rxe8+ Kxe8 22. f4 Nd7 23. f5 Nxe5 24. fxe6 fxe6 25. Re1 Qf7 26. g3 Qf6 27. Nd1 Kd7 28. Ne2 Qf3 29. b3 Qe4 30. Ndc3 Qe3+ 31. Kb2 Nd3+ 0-1

[Event "RUS-chT Higher League 2021"]
[Site "Sochi"]
[Date "2021.05.03"]
[Round "3.6"]
[White "Grebnev, Aleksey"]
[Black "Balashov, Yuri S"]
[Result "1-0"]
[ECO "C24"]
[WhiteElo "2283"]
[BlackElo "2461"]
[Annotator "ChessBase"]
[PlyCount "95"]
[EventDate "2021.05.01"]
[EventType "team-tourn"]
[EventCountry "RUS"]
[SourceTitle "playchess.com"]
[Source "ChessBase"]
[SourceQuality "1"]
[TimeControl "40/5400+30:1800+30"]

1. e4 e5 2. Bc4 Nf6 3. d3 c6 4. Nf3 Be7 5. O-O d6 6. Re1 O-O 7. Nbd2 Nbd7 8. c3 Qc7 9. a4 d5 10. Bb3 Nc5 11. Bc2 dxe4 12. dxe4 b5 13. b4 Ne6 14. Nf1 Rd8 15. Qe2 a6 16. Ng3 g6 17. h3 Rb8 18. Rd1 Rxd1+ 19. Bxd1 c5 20. axb5 Rxb5 21. Ba4 Rb8 22. b5 c4 23. bxa6 Bxa6 24. Bc2 Bb7 25. Be3 Rc8 26. Nd2 Ne8 27. Ngf1 Nd6 28. Ra4 Ra8 29. Rxa8+ Bxa8 30. Bh6 Nf4 31. Qg4 Ne6 32. Qe2 Bf8 33. Bxf8 Kxf8 34. Ne3 Bb7 35. Ng4 Qc5 36. Nf3 Nf4 37. Qd2 Nd3 38. Bxd3 cxd3 39. Nfxe5 Qb5 40. Nxd3 Nxe4 41. Qe3 Nxc3 42. Nc5 Nd5 43. Qd4 Bc6 44. Qh8+ Ke7 45. Qe5+ Kf8 46. Qd6+ Ke8 47. Ne5 Ba8 48. Ncd7 1-0

[Event "RUS-chT Higher League 2021"]
[Site "Sochi"]
[Date "2021.05.03"]
[Round "3.7"]
[White "Kalegin, Evgenij"]
[Black "Sharikov, Alexander"]
[Result "1-0"]
[ECO "C17"]
[WhiteElo "2414"]
[BlackElo "2132"]
[Annotator "NA"]
[PlyCount "79"]
[EventDate "2021.05.01"]
[EventType "team-tourn"]
[EventCountry "RUS"]
[SourceTitle "playchess.com"]
[Source "ChessBase"]
[SourceQuality "1"]
[TimeControl "40/5400+30:1800+30"]

1. e4 e6 2. d4 d5 3. Nc3 Bb4 4. e5 c5 5. a3 Ba5 6. b4 cxd4 7. Nb5 Bc7 8. f4 Bd7 9. Nxc7+ Qxc7 10. Bd3 Ba4 11. Bb2 Nc6 12. Nf3 Nge7 13. O-O Qb6 14. Kh1 Bb5 15. Bxd4 Nxd4 16. Nxd4 Bxd3 17. Qxd3 O-O 18. f5 Nxf5 19. Nxf5 exf5 20. Rxf5 Qe6 21. Raf1 Rac8 22. h3 Rc7 23. Qg3 Rfc8 24. Rf6 Qe8 25. Rd6 Rxc2 26. Rxd5 Rc1 27. Rxc1 Rxc1+ 28. Kh2 Rc8 29. Qd3 h6 30. Qd4 a6 31. Rd7 b5 32. Rd6 Ra8 33. Qd5 Kf8 34. e6 fxe6 35. Rxe6 Qb8+ 36. Kh1 Ra7 37. Rc6 Ra8 38. Rc3 Qa7 39. Rf3+ Ke8 40. Qe4+ 1-0

[Event "RUS-chT Higher League 2021"]
[Site "Sochi"]
[Date "2021.05.03"]
[Round "3.8"]
[White "Bobkov, Vadim"]
[Black "Zhelnin, Vladimir V"]
[Result "0-1"]
[ECO "E61"]
[WhiteElo "2265"]
[BlackElo "2408"]
[Annotator "NA"]
[PlyCount "80"]
[EventDate "2021.05.01"]
[EventType "team-tourn"]
[EventCountry "RUS"]
[SourceTitle "playchess.com"]
[Source "ChessBase"]
[SourceQuality "1"]
[TimeControl "40/5400+30:1800+30"]

1. d4 Nf6 2. c4 g6 3. Nc3 Bg7 4. Nf3 O-O 5. Bg5 d6 6. e3 Nbd7 7. h3 a6 8. Be2 e5 9. O-O Re8 10. b4 h6 11. Bh4 exd4 12. exd4 Nf8 13. Qd2 g5 14. Bg3 Ng6 15. Rfe1 Bf5 16. Bd3 Qd7 17. Bh2 Bxh3 18. gxh3 g4 19. Qd1 gxf3 20. Qxf3 Nh7 21. Bf5 Nh4 22. Bxh7+ Kxh7 23. Qd3+ Qf5 24. Qxf5+ Nxf5 25. Nd5 Nxd4 26. Kg2 Ne6 27. Rac1 Rad8 28. b5 axb5 29. cxb5 c6 30. Ne3 Nd4 31. a4 d5 32. Red1 Ra8 33. Ra1 Nxb5 34. Rac1 Rxa4 35. Nf5 Bf6 36. Rd3 Ra2 37. Rf3 Rg8+ 38. Bg3 h5 39. Nd6 Nxd6 40. Rxf6 Rxg3+ 0-1

[Event "RUS-chT Higher League 2021"]
[Site "Sochi"]
[Date "2021.05.03"]
[Round "3.9"]
[White "Kezin, Roman"]
[Black "Tekeyev, Zaur"]
[Result "1/2-1/2"]
[ECO "E62"]
[WhiteElo "2472"]
[BlackElo "2396"]
[Annotator "ChessBase"]
[PlyCount "59"]
[EventDate "2021.05.01"]
[EventType "team-tourn"]
[EventCountry "RUS"]
[SourceTitle "playchess.com"]
[Source "ChessBase"]
[SourceQuality "1"]
[TimeControl "40/5400+30:1800+30"]

1. d4 Nf6 2. c4 g6 3. Nc3 Bg7 4. Nf3 O-O 5. g3 d6 6. Bg2 c6 7. O-O Bf5 8. Ne1 e5 9. d5 cxd5 10. cxd5 Na6 11. e4 Bd7 12. Nd3 b5 13. b4 Rc8 14. Bd2 Qb6 15. Qb1 Nh5 16. a4 bxa4 17. Nxa4 Qb7 18. Be3 Bb5 19. Nac5 dxc5 20. bxc5 Nb8 21. c6 Bxc6 22. Qxb7 Bxb7 23. Nc5 Bc6 24. Rxa7 Nf6 25. dxc6 Nxc6 26. Ra3 Ng4 27. Bh3 Nxe3 28. Rxe3 Ra8 29. Nd7 Rfd8 30. Nb6 1/2-1/2

[Event "RUS-chT Higher League 2021"]
[Site "Sochi"]
[Date "2021.05.03"]
[Round "3.10"]
[White "Bykov, Egor"]
[Black "Obgolts, Erik"]
[Result "0-1"]
[ECO "A45"]
[WhiteElo "2423"]
[BlackElo "2414"]
[Annotator "NA"]
[PlyCount "102"]
[EventDate "2021.05.01"]
[EventType "team-tourn"]
[EventCountry "RUS"]
[SourceTitle "playchess.com"]
[Source "ChessBase"]
[SourceQuality "1"]
[TimeControl "40/5400+30:1800+30"]

1. d4 Nf6 2. Bg5 Ne4 3. Bf4 d5 4. f3 Nf6 5. Nc3 c5 6. e3 a6 7. dxc5 Nc6 8. a3 h6 9. b4 e5 10. Bg3 Be6 11. Na4 Nd7 12. Ne2 Be7 13. Nec3 d4 14. exd4 exd4 15. Ne4 O-O 16. Bd3 b6 17. cxb6 Nxb6 18. Nxb6 Qxb6 19. O-O Rfd8 20. Qe2 Na7 21. Kh1 a5 22. f4 Bf5 23. Qh5 Qg6 24. Qxg6 fxg6 25. bxa5 Nc6 26. a6 Nb8 27. Rfb1 Nxa6 28. Rb7 Bf8 29. Rb6 Nb4 30. a4 Rdc8 31. Nd6 Nxc2 32. Bxc2 Rxc2 33. Nxf5 gxf5 34. Be1 d3 35. Rd1 Rxa4 36. Rb8 d2 37. Bf2 Rxf4 38. Kg1 Rb4 39. Rxb4 Bxb4 40. Be3 g5 41. g3 Kf7 42. Kf2 Ra2 43. Ke2 Kg6 44. Kd3 Ra3+ 45. Kd4 Kh5 46. Bxd2 Ra8 47. Ke5 Rd8 48. Bxb4 Rxd1 49. Kxf5 Rf1+ 50. Ke4 Kg4 51. Bc3 Rh1 0-1

[Event "RUS-chT Higher League 2021"]
[Site "Sochi"]
[Date "2021.05.03"]
[Round "3.11"]
[White "Ovod, Evgenija"]
[Black "Utnasunov, Alexander"]
[Result "1/2-1/2"]
[ECO "B90"]
[WhiteElo "2341"]
[BlackElo "2442"]
[Annotator "NA RC"]
[PlyCount "62"]
[EventDate "2021.05.01"]
[EventType "team-tourn"]
[EventCountry "RUS"]
[SourceTitle "playchess.com"]
[Source "ChessBase"]
[SourceQuality "1"]
[TimeControl "40/5400+30:1800+30"]

1. e4 c5 2. Nf3 d6 3. d4 cxd4 4. Nxd4 Nf6 5. Nc3 a6 6. Be3 e5 7. Nb3 Be6 8. Qd2 Nc6 9. O-O-O b5 10. f3 Qc7 11. Bg5 Rc8 12. Kb1 Be7 13. Bxf6 Bxf6 14. Qxd6 Qxd6 15. Rxd6 Ke7 16. Rd1 Nd4 17. Nxd4 exd4 18. Ne2 Rhd8 19. Nf4 g5 20. Nxe6 fxe6 21. Bd3 Be5 22. h4 h6 23. hxg5 hxg5 24. Rh7+ Kd6 25. Rdh1 Rh8 26. Rxh8 Rxh8 27. Rxh8 Bxh8 28. Kc1 Be5 29. Kd2 Kc5 30. Ke2 Bg3 31. c3 dxc3 1/2-1/2

[Event "RUS-chT Higher League 2021"]
[Site "Sochi"]
[Date "2021.05.03"]
[Round "3.12"]
[White "Nechaev, Oleg"]
[Black "Kolmagorov, Alexey"]
[Result "1-0"]
[ECO "B20"]
[WhiteElo "2368"]
[BlackElo "2129"]
[Annotator "NA"]
[PlyCount "107"]
[EventDate "2021.05.01"]
[EventType "team-tourn"]
[EventCountry "RUS"]
[SourceTitle "playchess.com"]
[Source "ChessBase"]
[SourceQuality "1"]
[TimeControl "40/5400+30:1800+30"]

1. e4 c5 2. c4 Nc6 3. Nc3 g6 4. g3 Bg7 5. Bg2 Nf6 6. Nge2 d6 7. d3 O-O 8. O-O a6 9. Rb1 Rb8 10. a4 Ne8 11. Be3 Bg4 12. f3 Bd7 13. d4 cxd4 14. Nxd4 Nxd4 15. Bxd4 b5 16. axb5 axb5 17. cxb5 Bxb5 18. Rf2 Bxd4 19. Qxd4 Nc7 20. f4 Ne6 21. Qe3 Bc4 22. b4 Qb6 23. Qxb6 Rxb6 24. f5 Nd4 25. Bf1 Rc8 26. Bxc4 Rxc4 27. Nd5 Rb7 28. Ra1 f6 29. g4 g5 30. h4 h6 31. hxg5 hxg5 32. Rfa2 Nc6 33. Ra8+ Kg7 34. Rc8 Ne5 35. Rxc4 Nxc4 36. Kf2 Ne5 37. Kg3 Kf7 38. Rb1 Nc4 39. b5 Ke8 40. Rb4 Nb6 41. Nxb6 Rxb6 42. Kf3 Kd7 43. Ke3 Rb7 44. Kd4 Kc7 45. Kd5 Kb6 46. Rb1 Rc7 47. Ke6 Ra7 48. Kf7 Rd7 49. Rc1 Kxb5 50. Rc8 Ra7 51. Re8 Kc5 52. Rxe7 Rxe7+ 53. Kxe7 Kd4 54. Kxf6 1-0

[Event "RUS-chT Higher League 2021"]
[Site "Sochi"]
[Date "2021.05.04"]
[Round "4.1"]
[White "Khegay, Dmitriy"]
[Black "Balashov, Yuri S"]
[Result "1/2-1/2"]
[ECO "A46"]
[WhiteElo "2523"]
[BlackElo "2461"]
[Annotator "ChessBase"]
[PlyCount "98"]
[EventDate "2021.05.01"]
[EventType "team-tourn"]
[EventCountry "RUS"]
[SourceTitle "playchess.com"]
[Source "ChessBase"]
[SourceQuality "1"]
[TimeControl "40/5400+30:1800+30"]

1. d4 Nf6 2. Nf3 e6 3. Bf4 b6 4. e3 Be7 5. c4 Nh5 6. Bg3 Bb7 7. Nc3 d6 8. Bd3 Nd7 9. Be4 c6 10. Qa4 Qc7 11. Bh4 Nhf6 12. O-O Nxe4 13. Nxe4 Bxh4 14. Nxh4 O-O 15. Nc3 a6 16. Rfd1 c5 17. d5 Nf6 18. e4 exd5 19. exd5 Rfe8 20. Re1 g6 21. Nf3 Rxe1+ 22. Rxe1 b5 23. Qb3 bxc4 24. Qxc4 Re8 25. Rd1 Qb6 26. b3 Qb4 27. h3 Kg7 28. Nd2 Re7 29. Nf1 Nd7 30. Ne3 Nb6 31. Qd3 Bc8 32. Nb1 Re5 33. Nd2 Qf4 34. Ndc4 Nxc4 35. Nxc4 Re7 36. Qc3+ Kg8 37. Re1 Rxe1+ 38. Qxe1 Kf8 39. Qc3 Bd7 40. Ne3 Ke7 41. Qa5 Bb5 42. a4 Bd3 43. Qe1 Qe5 44. Qd1 Qd4 45. Qe1 Qe5 46. Qc1 h5 47. Qd2 Qa1+ 48. Kh2 Qe5+ 49. Kg1 Qa1+ 1/2-1/2

[Event "RUS-chT Higher League 2021"]
[Site "Sochi"]
[Date "2021.05.04"]
[Round "4.3"]
[White "Pogromsky, Mikhail"]
[Black "Kalegin, Evgenij"]
[Result "1/2-1/2"]
[ECO "E61"]
[WhiteElo "2422"]
[BlackElo "2414"]
[Annotator "NA"]
[PlyCount "57"]
[EventDate "2021.05.01"]
[EventType "team-tourn"]
[EventCountry "RUS"]
[SourceTitle "playchess.com"]
[Source "ChessBase"]
[SourceQuality "1"]
[TimeControl "40/5400+30:1800+30"]

1. d4 Nf6 2. c4 g6 3. Nc3 Bg7 4. Bg5 h6 5. Bh4 O-O 6. e3 c5 7. Nf3 cxd4 8. Nxd4 Nc6 9. Be2 d5 10. O-O Nxd4 11. Qxd4 Be6 12. c5 Ne4 13. Qb4 g5 14. Nxe4 a5 15. Qa4 gxh4 16. Nc3 Qc7 17. Qxh4 Qxc5 18. a3 Bf5 19. Rad1 e6 20. e4 dxe4 21. Nxe4 Qc2 22. Bd3 Qxb2 23. Ng3 Bxd3 24. Rxd3 Qf6 25. Qh3 Kh7 26. Nh5 Qf5 27. Qxf5+ exf5 28. Nxg7 Kxg7 29. Rb1 1/2-1/2

[Event "RUS-chT Higher League 2021"]
[Site "Sochi"]
[Date "2021.05.04"]
[Round "4.4"]
[White "Zhelnin, Vladimir V"]
[Black "Matveev, Vladimir"]
[Result "1-0"]
[ECO "B50"]
[WhiteElo "2408"]
[BlackElo "2368"]
[Annotator "NA"]
[PlyCount "101"]
[EventDate "2021.05.01"]
[EventType "team-tourn"]
[EventCountry "RUS"]
[SourceTitle "playchess.com"]
[Source "ChessBase"]
[SourceQuality "1"]
[TimeControl "40/5400+30:1800+30"]

1. e4 c5 2. Nf3 d6 3. Bc4 Nf6 4. d3 Nc6 5. O-O Bg4 6. Nbd2 e6 7. Re1 Be7 8. h3 Bh5 9. Nf1 Qc7 10. Ng3 Bg6 11. c3 Nd7 12. Bb3 Nde5 13. Nh2 h5 14. f4 h4 15. Ngf1 Bh5 16. Qc2 Nd7 17. Qf2 Na5 18. Bc2 a6 19. Nf3 Bxf3 20. Qxf3 b5 21. Ne3 Rb8 22. Bd2 Nc6 23. Rac1 Qb7 24. Qf2 Rc8 25. Re2 Nb6 26. Ng4 f5 27. Nh2 O-O 28. Nf3 d5 29. exf5 exf5 30. Rce1 Rf7 31. Nxh4 Bxh4 32. Qxh4 Qd7 33. Be3 d4 34. Bf2 a5 35. Kh1 a4 36. a3 Nd5 37. Bb1 dxc3 38. Bxc5 cxb2 39. Ba2 b1=Q 40. Bxb1 Nc3 41. Re3 Nxb1 42. Rxb1 Qd5 43. Rxb5 Na7 44. Re5 Qxd3 45. Bxa7 Rxa7 46. Rxf5 Qxa3 47. Rh5 Qa1+ 48. Kh2 g6 49. Qg4 Rc6 50. Rb8+ Kg7 51. Rhh8 1-0

[Event "RUS-chT Higher League 2021"]
[Site "Sochi"]
[Date "2021.05.04"]
[Round "4.5"]
[White "Mokshanov, Alexey"]
[Black "Kezin, Roman"]
[Result "0-1"]
[ECO "B51"]
[WhiteElo "2448"]
[BlackElo "2472"]
[Annotator "ChessBase"]
[PlyCount "72"]
[EventDate "2021.05.01"]
[EventType "team-tourn"]
[EventCountry "RUS"]
[SourceTitle "playchess.com"]
[Source "ChessBase"]
[SourceQuality "1"]
[TimeControl "40/5400+30:1800+30"]

1. e4 c5 2. Nf3 d6 3. Bb5+ Nd7 4. O-O a6 5. Bd3 Ngf6 6. c3 b5 7. Bc2 Bb7 8. Qe2 e6 9. d4 Be7 10. Rd1 Qc7 11. Bd3 O-O 12. Nbd2 Rfe8 13. a4 c4 14. Bc2 e5 15. b4 d5 16. axb5 axb5 17. Rxa8 Bxa8 18. Nxe5 Nxe5 19. dxe5 Qxe5 20. Nf3 Qxc3 21. e5 Ne4 22. e6 fxe6 23. Bxe4 dxe4 24. Ng5 Rd8 25. Rf1 Qe5 26. Qh5 Qf5 27. g4 Qg6 28. Qxg6 hxg6 29. Nxe6 Rd3 30. Be3 Bxb4 31. Rb1 Rb3 32. Ra1 Bd5 33. Nd4 Bc3 34. Ra7 Bxd4 35. Bxd4 Rb1+ 36. Kg2 e3+ 0-1

[Event "RUS-chT Higher League 2021"]
[Site "Sochi"]
[Date "2021.05.04"]
[Round "4.6"]
[White "Obgolts, Erik"]
[Black "Grebnev, Aleksey"]
[Result "1/2-1/2"]
[ECO "A46"]
[WhiteElo "2414"]
[BlackElo "2283"]
[Annotator "NA"]
[PlyCount "60"]
[EventDate "2021.05.01"]
[EventType "team-tourn"]
[EventCountry "RUS"]
[SourceTitle "playchess.com"]
[Source "ChessBase"]
[SourceQuality "1"]
[TimeControl "40/5400+30:1800+30"]

1. d4 Nf6 2. Nf3 d5 3. c4 e6 4. e3 Be7 5. Nc3 O-O 6. Qc2 a6 7. cxd5 exd5 8. Bd3 c5 9. dxc5 Nc6 10. a3 Bxc5 11. Ne2 Qe7 12. h3 Bd6 13. O-O Ne5 14. Ned4 Nxd3 15. Qxd3 Ne4 16. b3 Qf6 17. Rd1 Qg6 18. Kf1 Bd7 19. Bb2 Rac8 20. Rac1 Rxc1 21. Bxc1 Qh5 22. Bb2 Re8 23. Re1 h6 24. Qd1 Re7 25. Nd2 Qg6 26. Nxe4 dxe4 27. Ne2 Bb5 28. Kg1 Bd3 29. Nf4 Qf5 30. Qd2 Bxf4 1/2-1/2

[Event "RUS-chT Higher League 2021"]
[Site "Sochi"]
[Date "2021.05.04"]
[Round "4.7"]
[White "Sharikov, Alexander"]
[Black "Ovod, Evgenija"]
[Result "1-0"]
[ECO "A01"]
[WhiteElo "2132"]
[BlackElo "2341"]
[Annotator "NA"]
[PlyCount "75"]
[EventDate "2021.05.01"]
[EventType "team-tourn"]
[EventCountry "RUS"]
[SourceTitle "playchess.com"]
[Source "ChessBase"]
[SourceQuality "1"]
[TimeControl "40/5400+30:1800+30"]

1. b3 e5 2. Bb2 Nc6 3. e3 Nf6 4. Nf3 Qe7 5. d4 e4 6. Nfd2 d6 7. Be2 h5 8. c4 Bf5 9. b4 O-O-O 10. Qa4 a6 11. b5 Nb8 12. bxa6 Nxa6 13. Nc3 c6 14. Rb1 Qc7 15. Ba3 Nb8 16. Rb2 Re8 17. O-O b6 18. c5 dxc5 19. dxc5 b5 20. Bxb5 cxb5 21. Nxb5 Bd7 22. Nc4 Bxc5 23. Bxc5 Bxb5 24. Qxb5 Re6 25. Nb6+ Kd8 26. Na8 Qc8 27. Qxb8 Nd7 28. Qxc8+ Kxc8 29. Nb6+ Nxb6 30. Rxb6 Rhh6 31. Rxe6 Rxe6 32. Bd4 g6 33. Ra1 Rc6 34. a4 Kb7 35. a5 Ka6 36. h4 Rc2 37. Bb6 f5 38. Rd1 1-0

[Event "RUS-chT Higher League 2021"]
[Site "Sochi"]
[Date "2021.05.04"]
[Round "4.8"]
[White "Kolmagorov, Alexey"]
[Black "Bobkov, Vadim"]
[Result "1-0"]
[ECO "A14"]
[WhiteElo "2129"]
[BlackElo "2265"]
[Annotator "NA"]
[PlyCount "63"]
[EventDate "2021.05.01"]
[EventType "team-tourn"]
[EventCountry "RUS"]
[SourceTitle "playchess.com"]
[Source "ChessBase"]
[SourceQuality "1"]
[TimeControl "40/5400+30:1800+30"]

1. c4 e6 2. g3 d5 3. Bg2 Nf6 4. Nf3 Be7 5. O-O O-O 6. d4 c6 7. Nc3 b6 8. Bf4 Bb7 9. Ne5 Nfd7 10. Nxd7 Nxd7 11. Qd3 dxc4 12. Qxc4 b5 13. Qb3 a6 14. Rfd1 Qb6 15. Be3 Qc7 16. Rac1 c5 17. d5 c4 18. Qc2 exd5 19. Nxd5 Bxd5 20. Bxd5 Rac8 21. Qf5 Nf6 22. Bf3 g6 23. Qh3 Bd6 24. Bd4 Be5 25. Qh4 Rcd8 26. e3 Nd7 27. Be2 Bxd4 28. Rxd4 Nc5 29. b3 cxb3 30. axb3 Rxd4 31. exd4 Qa5 32. Rxc5 1-0